 Dungeon Crawl Stone Soup version 0.23-a0-494-g91793a9 (webtiles) character file.

168 JeffiDaFish the Grave Robber (level 5, -5/28 HPs)
             Began as a Deep Elf Necromancer on Dec 3, 2018.
             Slain by a gnoll
             ... wielding a +0 halberd
              (9 damage)
             ... on level 3 of the Dungeon.
             The game lasted 00:06:26 (2119 turns).

JeffiDaFish the Grave Robber (Deep Elf Necromancer) Turns: 2119, Time: 00:06:27

Health: -5/28      AC:  5    Str:  5    XL:     5   Next: 23%
Magic:  3/13       EV: 13    Int: 21    God:
Gold:   56         SH:  0    Dex: 15    Spells: 8/12 levels left

rFire    x . .     SeeInvis .   e - +3 dagger (holy)
rCold    + . .     Gourm    .   (no shield)
rNeg     . . .     Faith    .   a - +0 robe
rPois    .         Spirit   .   (no helmet)
rElec    .         Reflect  .   k - +0 cloak
rCorr    .         Harm     .   g - +1 pair of gloves
MR       +....                  (no boots)
Stlth    ++........             (no amulet)
HPRegen  0.09/turn              b - ring of protection from magic
MPRegen  0.13/turn              h - ring of ice

@: no status effects
A: no striking features
a: no special abilities


You were on level 3 of the Dungeon.
You were not hungry.

You visited 1 branch of the dungeon, and saw 3 of its levels.

You collected 56 gold pieces.

Inventory:

Hand Weapons
 e - a +3 dagger of holy wrath (weapon)
Armour
 a - a +0 robe (worn)
 g - a +1 pair of gloves (worn)
 k - a +0 cloak (worn)
Jewellery
 b - a ring of protection from magic (left hand)
 f - an uncursed ring of protection from fire {unknown}
 h - a ring of ice (right hand)
 i - an uncursed ring of see invisible {unknown}
 l - a +2 ring of strength {unknown}
Scrolls
 j - a scroll of enchant weapon
Comestibles
 c - 2 rations
 d - 3 chunks of flesh


   Skills:
 + Level 3.3 Dodging
 + Level 3.5 Stealth
 + Level 4.3 Spellcasting
 * Level 6.4 Necromancy


You had 8 spell levels left.
You knew the following spells:

 Your Spells              Type           Power        Failure   Level  Hunger
a - Pain                  Necr           ####         1%          1    None
b - Vampiric Draining     Necr           ####......   2%          3    ##.....

Your spell library contained the following spells:

 Spells                   Type           Power        Failure   Level  Hunger
 Animate Skeleton         Necr           N/A          1%          1    None
 Animate Dead             Necr           N/A          9%          4    ####...
 Regeneration             Chrm/Necr      ###.......   10%         3    ##.....


Dungeon Overview and Level Annotations

Branches:
Dungeon (3/15)

Altars:
Ru


Message History

You feel life coursing into your body. The gnoll barely misses you.
The gnoll hits you with a +0 spear.
The gnoll hits you from afar with a +0 halberd!
* * * LOW HITPOINT WARNING * * *
Things that are here:
a +0 hand axe; 12 gold pieces
Casting: Vampiric Draining (safe; 2% risk of failure)
Confirm with . or Enter, or press ? or * to list all spells.
Aiming: Vampiric Draining (safe; 2% risk of failure)
Press: ? - help, Shift-Dir - straight line, f - gnoll
Aim: a gnoll, wielding a +0 spear (severely wounded)
You kill the gnoll!
You feel life coursing into your body.
The gnoll hits you from afar with a +0 halberd.
* * * LOW HITPOINT WARNING * * *
There is an escape hatch in the ceiling here.
The rat bites you.
* * * LOW HITPOINT WARNING * * *
The gnoll hits you from afar with a +0 halberd!
You die...

#...######### #≈≈P...#
#............ ##
#≈≈....###.###.##........ ..
.g #≈≈....#.......))........
≈≈
#####≈≈....###.###.###<......
≈≈ ≈≈≈≈≈≈≈....# #.# #.#
#....... ≈≈ ≈≈≈≈≈≈≈....# #.#
#(# #....... ..
....P....h###.###.##########
. .........gr@..≈....≈.≈..≈.#
# ####...##.##.≈.≈.≈≈≈≈..≈≈#
#.h..#.##..≈≈≈≈≈÷≈≈≈≈.# ###
###.##...##..≈≈≈≈≈≈≈≈≈≈≈# ).#
####...####.....≈)≈≈≈≈≈≈≈..#
#.###.)).###
#.#..≈)≈≈♣..≈≈≈≈.# #..#.)####
#.##≈.≈≈≈._.≈≈≈.≈# .#.#.##
..##.≈≈≈≈≈.≈≈≈≈≈.# .....#
##### #.###≈≈≈≈≈≈≈≈≈≈≈≈≈#


You could see a gnoll, a jackal and a rat.

Vanquished Creatures
  A crimson imp (D:3)
  4 gnolls (D:3)
  3 oozes
  A worm (D:2)
  A dart slug (D:1)
  2 leopard geckos (D:1)
  An orc (D:3)
  A ball python (D:2)
  5 giant cockroaches
  12 goblins
  8 hobgoblins
  8 jackals
  4 kobolds
  7 bats
  5 frilled lizards
  6 rats
69 creatures vanquished.

Notes
Turn   | Place    | Note
-------+----------+-------------------------------------------
     0 | D:1      | JeffiDaFish the Deep Elf Necromancer began the quest for
                  | the Orb.
     0 | D:1      | Reached XP level 1. HP: 10/10 MP: 6/6
    26 | D:1      | Reached skill level 5 in Necromancy
   256 | D:1      | Reached XP level 2. HP: 10/15 MP: 1/8
   574 | D:1      | Reached XP level 3. HP: 5/19 MP: 3/10
  1420 | D:2      | Found a sacrificial altar of Ru.
  1673 | D:2      | Learned a level 3 spell: Vampiric Draining
  1682 | D:2      | Reached XP level 4. HP: 17/24 MP: 1/11
  1818 | D:3      | Found a faded altar of an unknown god.
  1820 | D:3      | Reached skill level 6 in Necromancy
  1988 | D:3      | Reached XP level 5. HP: 19/28 MP: 6/13
  2119 | D:3      | Slain by a gnoll

Vault maps used:
D:1:      lemuel_arrival_rhombus
D:2:      first_ration, nicolae_ru_awakened_eye
D:3:      lemuel_castle_with_subvaults, chequers_ecumenical_altar_island,
          feat_on_display

Skill      XL: |  1  2  3  4 |
---------------+-------------+-----
Necromancy     | 5 6 |  6.4
Stealth        | 3 |  3.5
Dodging        | 3 |  3.3
Spellcasting   | 4 |  4.3

Action                   |  1- 3 |  4- 6 || total
-------------------------+-------+-------++-------
Melee: Dagger            |    40 |    46 ||    86
 Cast: Pain              |    59 |    16 ||    75
       Vampiric Draining |       |     9 ||     9
  Use: Scroll            |     6 |     1 ||     7
       Potion            |     4 |     1 ||     5
 Stab: Sleeping          |     5 |       ||     5
  Eat: Chunk             |     2 |     2 ||     4
Armor: Robe              |    10 |    21 ||    31
Dodge: Dodged            |    34 |    48 ||    82

Table legend:
 A = Non-vault XP
 B = Vault XP
 C = Vault XP percentage of total XP
 D = Non-vault monster count
 E = Vault monster count
 F = Vault count percentage of total count
                 A         B        C        D         E       F
            +---------+---------+-------+---------+---------+-------
      Total |     204 |      36 |  15.0 |      63 |       6 |   8.7
            +---------+---------+-------+---------+---------+-------
        D:1 |      58 |       0 |   0.0 |      30 |       0 |   0.0
        D:2 |      43 |       0 |   0.0 |      17 |       0 |   0.0
        D:3 |     103 |      36 |  25.9 |      16 |       6 |  27.3
            +---------+---------+-------+---------+---------+-------
